AoeStats
← Old Took

Arabia

507632402Analyzed
1v1 RM · 14d ago on Sep 19, 2026· 31m 23s· 2 players
Game mode
Random Map
Map size
Tiny (2 player)
Population
200
Speed
Normal
Resources
Standard
Victory
Conquest
Starting age
Dark Age
Ending age
Imperial Age
RankedLock teamsTeams togetherTeam positionsShared explorationLock speedFull tech treeHidden civsTurbo modeCheats
Victory
Defeat
🇺🇸 Malians · United States
1627
+18
🇦🇺 Turks · Australia
1668
-18
Old Took
7:43 Loom
9:48 Feudal Age
9:56 Man-at-Arms
17:02 Scale Mail Armor
18:56 Arson
26:46 Castle Age
26:34 Double-Bit Axe
26:49 Long Swordsman
27:32 Squires
27:57 Chain Mail Armor
29:35 Forging
31:42 Town Watch
owengold23
5:51 Loom
8:18 Feudal Age
9:05 Double-Bit Axe
15:36 Fletching
18:02 Town Watch
24:39 Wheelbarrow
28:00 Castle Age
26:43 Bloodlines
27:12 Padded Archer Armor
27:08 Gold Mining
28:02 Horse Collar
29:00 Bodkin Arrow
Connection lost

Rejoining the realm…

Still unreachable

The connection could not be restored.

Session expired

The server has moved on; the page needs a fresh start.